Map: Newkirk Precinct TE (Void)

Players

insomniaFam

  • Race: Protoss Protoss
  • League: Master
  • Spawn Location: 5:00

Railgan - Winner!

  • Race: Zerg Zerg
  • League: Grandmaster
  • Spawn Location: 7:00

VOD

Have the link to the VOD?

Description

Time

  • Played on: March 10, 2017, 8:24 a.m.
  • Length: 9:17
Show
View Real Time Build Order
Export as new Build Order

insomniaFam Protoss 

Build Orders: 1 Gate Expand 

Get SALT Encoding   

  12  0:01  Probe (Chrono Boost)  
  13  0:11  Probe (Chrono Boost)  
  14  0:18  Pylon  
  14  0:24  Probe (Chrono Boost)  
  15  0:36  Probe (Chrono Boost)  
  15  0:39  Gateway  
  16  0:44  Assimilator  
  16  0:47  Probe (Chrono Boost)  
  17  0:58  Probe (Chrono Boost)  
  18  1:08  Probe (Chrono Boost)  
  19  1:22  Nexus  
  19  1:33  Cybernetics Core  
  19  1:35  Probe (Chrono Boost)  
  20  1:41  Assimilator  
  20  1:46  Probe (Chrono Boost)  
  21  1:56  Probe (Chrono Boost)  
  21  1:59  Pylon  
  22  2:07  Probe (Chrono Boost)  
  23  2:18  Probe (Chrono Boost)  
  23  2:20  Stalker  
  27  2:30  Probe (Chrono Boost)  
  27  2:35  Probe (Chrono Boost)  
  28  2:41  Probe (Chrono Boost)  
  28  2:44  Pylon  
  29  2:46  Probe (Chrono Boost)  
  30  2:52  Probe (Chrono Boost)  
  30  2:56  Probe (Chrono Boost)  
  32  3:03  Probe (Chrono Boost)  
  32  3:05  Stargate x2  
  33  3:07  Probe (Chrono Boost)  
  34  3:13  Probe (Chrono Boost)  
  34  3:17  Gateway, Probe (Chrono Boost)  
  36  3:20  Pylon  
  36  3:24  Mothership Core (Chrono Boost)  
  38  3:35  Gateway  
  38  3:39  Forge  
  38  3:41  Probe (Chrono Boost)  
  38  3:42  Probe (Chrono Boost)  
  38  3:43  Assimilator  
  40  3:53  Assimilator  
  40  3:58  Void Ray  
  40  3:59  Void Ray  
  40  4:09  Probe (Chrono Boost)  
  41  4:29  Sentry  
  43  4:36  Pylon  
  43  4:39  Void Ray  
  47  4:56  Void Ray  
  47  4:59  Probe (Chrono Boost)  
  49  5:00  Probe (Chrono Boost)  
  53  5:10  Pylon  
  53  5:11  Probe (Chrono Boost)  
  53  5:12  Probe (Chrono Boost)  
  55  5:22  Photon Cannon  
  55  5:23  Probe (Chrono Boost)  
  55  5:24  Probe (Chrono Boost)  
  57  5:34  Probe (Chrono Boost)  
  57  5:35  Probe (Chrono Boost)  
  59  5:41  Void Ray  
  63  5:48  Probe x2 (Chrono Boost)  
  65  5:51  Protoss Air Weapons Level 1  
  65  5:57  Pylon  
  65  6:13  Void Ray  
  65  6:15  Probe (Chrono Boost)  
  65  6:16  Probe (Chrono Boost)  
  71  6:26  Void Ray  
  61  6:54  Void Ray  
  65  7:02  Nexus  
  65  7:11  Photon Cannon  
  65  7:12  Photon Cannon  
  65  7:14  Photon Cannon  
  67  7:16  Mothership Core (Chrono Boost)  
  67  7:18  Pylon  
  67  7:20  Void Ray  
  67  7:25  Photon Cannon  
  67  7:26  Pylon  
  71  7:31  Void Ray  
  73  7:57  Void Ray  
  59  8:08  Void Ray  
  59  8:13  Pylon  
  59  8:19  Sentry  
  65  8:20  Photon Cannon  
  65  8:21  Sentry  
  65  8:23  Photon Cannon  
  65  8:25  Photon Cannon  
  67  8:34  Sentry  
Show
View Real Time Build Order
Export as new Build Order

Railgan Zerg - Winner!

Build Orders: Hatch First 

Get SALT Encoding   

  12  0:02  Drone  
  13  0:13  Overlord  
  13  0:18  Drone  
  14  0:31  Drone x2  
  16  0:38  Drone  
  17  0:46  Drone  
  18  1:00  Extractor, Hatchery  
  18  1:02  Drone  
  17  1:11  Drone  
  18  1:21  Spawning Pool  
  18  1:23  Drone  
  18  1:30  Drone  
  19  1:42  Overlord  
  19  1:57  Drone  
  20  2:08  Zergling x2, Queen  
  21  2:11  Queen  
  21  2:12  Drone x2  
  21  2:14  Metabolic Boost  
  27  2:23  Drone x2  
  29  2:32  Overlord  
  29  2:38  Drone  
  29  2:43  Evolution Chamber  
  29  2:44  Drone x2  
  30  2:49  Queen  
  33  2:54  Drone x2  
  35  3:05  Drone  
  35  3:06  Drone  
  35  3:10  Zerg Melee Weapons Level 1  
  37  3:16  Zergling x2  
  37  3:17  Zergling x2  
  37  3:18  Zergling x2  
  40  3:21  Drone  
  40  3:22  Drone x3  
  40  3:27  Overlord  
  44  3:29  Extractor x2  
  44  3:30  Drone  
  44  3:31  Drone  
  44  3:44  Lair  
  44  3:45  Overlord  
  44  3:46  Drone  
  44  3:47  Extractor  
  44  3:51  Drone  
  44  3:54  Drone  
  46  3:57  Drone  
  46  3:58  Drone x4  
  46  4:01  Drone  
  52  4:06  Overlord  
  52  4:16  Baneling Nest  
  48  4:27  Drone x2  
  48  4:30  Spore Crawler  
  48  4:31  Zergling x10  
  50  4:35  Drone  
  50  4:36  Drone x3  
  57  4:46  Overlord  
  57  4:48  Hydralisk Den  
  57  4:49  Spore Crawler  
  57  4:50  Drone  
  57  4:52  Queen  
  56  4:53  Queen  
  60  5:11  Zergling x4  
  62  5:14  Overlord  
  62  5:18  Hatchery, Muscular Augments  
  61  5:27  Zerg Ground Armor Level 1  
  61  5:29  Evolution Chamber  
  61  5:33  Hydralisk x2  
  64  5:38  Hydralisk x2  
  64  5:42  Hydralisk  
  69  5:50  Drone  
  69  5:53  Overlord  
  69  5:56  Overlord  
  70  6:10  Drone x2  
  70  6:14  Hydralisk x4  
  78  6:19  Overlord  
  78  6:22  Hydralisk x2  
  80  6:36  Hydralisk x5  
  86  6:43  Hydralisk  
  84  6:55  Zergling x2  
  84  6:56  Hydralisk x3  
  91  7:02  Drone x4  
  91  7:03  Zerg Missile Weapons Level 1  
  91  7:07  Overlord  
  95  7:15  Baneling x12  
  95  7:17  Zergling x2  
  95  7:19  Overseer  
  96  7:27  Infestation Pit, Drone x3  
  96  7:29  Drone  
  99  7:32  Overlord  
  93  7:44  Drone x4  
  93  7:50  Drone x4  
  89  7:51  Drone x5  
  88  8:01  Drone  
  88  8:02  Drone  
  82  8:16  Extractor, Zergling x2  
  82  8:17  Extractor, Zergling x8  
  85  8:22  Hydralisk  
  87  8:38  Hydralisk x3  
  87  8:39  Hatchery  
  92  8:43  Hatchery  
  91  8:49  Hydralisk x4  
Tags
 
Add a new tag
Caveats
  • Supply blocks, unpowered buildings, or Contaminate may cause inaccurate times.
  • Supply counts are checked every 10 seconds.